 Dungeon Crawl Stone Soup version 0.17-a0-1831-gaadb308 (webtiles) character file.

138 ololoev the Conjurer (level 5, -2/57 HPs)
             Began as a Draconian Conjurer on Sept 14, 2015.
             Was an Initiate of Vehumet.
             Slain by a gnoll
             ... wielding a +0 spear
              (4 damage)
             ... on level 3 of the Dungeon.
             The game lasted 00:05:16 (3292 turns).

ololoev the Conjurer (Draconian Conjurer)           Turns: 3292, Time: 00:05:17

Health: -2/57      AC: 27    Str: 11    XL:     5   Next: 1%
Magic:  2/9        EV:  2    Int: 16    God:    Vehumet [......]
Gold:   188        SH:  0    Dex: 11    Spells: 2 memorised, 7 levels left

rFire  . . .     SeeInvis .     q - +0 short sword (protect)
rCold  . . .     Clarity  .     (armour unavailable)
rNeg   + + +     SustAt   .     (no shield)
rPois  +         Gourm    .     (helmet currently unavailable)
rElec  .         Spirit   .     (cloak currently unavailable)
rCorr  .         Warding  .     (gloves currently unavailable)
rMut   .         NoTele   +     (boots currently unavailable)
MR     .....                    (no amulet)
Stlth  ++........               (no ring)
                                k - +3 ring of evasion

@: tree-form, not resistant to hostile enchantments, unstealthy
A: unfitting armour, (cold-blooded), AC +5
a: Renounce Religion


Innate Abilities, Weirdness & Mutations

((Your plain brown scales are hard (AC +5).))
Your body does not fit into most forms of armour.
((You are cold-blooded and may be slowed by cold attacks.))

Inventory:

Hand weapons
 q - a +0 short sword of protection (weapon)
Armour
 r - a +0 buckler
Jewellery
 k - a +3 ring of evasion (left branch)
Scrolls
 c - a scroll of random uselessness {unknown}
 d - a scroll of noise
 e - a scroll of enchant armour {unknown}
 f - 3 scrolls of identify {unknown}
 g - 2 scrolls of amnesia {unknown}
 h - a scroll of immolation {unknown}
 i - 2 scrolls of remove curse {unknown}
 l - 2 scrolls of magic mapping {unknown}
 m - a scroll of fear {unknown}
 o - a scroll of fog {unknown}
Books
 a - a book of Conjurations

   Spells                             Type                      Level
   a - Magic Dart                     Conjuration                  1
   b - Searing Ray                    Conjuration                  2
   c - Dazzling Spray                 Conjuration/Hexes            3
   d - Fulminant Prism                Conjuration/Hexes            4
   e - Iskenderun's Mystic Blast      Conjuration                  4
   f - Iskenderun's Battlesphere      Conjuration/Charms           5
Comestibles
 b - 2 bread rations
 n - 2 slices of pizza
 s - a royal jelly
 t - a meat ration


   Skills:
 - Level 1.7 Dodging
 - Level 1.7 Stealth
 + Level 3.2 Spellcasting
 * Level 5.6 Conjurations


You had 7 spell levels left.
You knew the following spells:

 Your Spells              Type           Power        Failure   Level  Hunger
a - Magic Dart            Conj           ###.         1%          1    None
b - Searing Ray           Conj           ###...       3%          2    ##.....


You were on level 3 of the Dungeon.
You worshipped Vehumet.
Vehumet was noncommittal.
You were not hungry.
You were a tree.
You visited 1 branch of the dungeon, and saw 3 of its levels.

You collected 188 gold pieces.

### #.. # .
#.# <#...
#.#####g.....
#.##.♣Zg.....
#.##.##......
#.##.##.##.##
#<......#
####.#### #.#
#.# ... .#.

Notes
Turn   | Place    | Note
--------------------------------------------------------------
     0 | D:1      | ololoev the Draconian Conjurer began the quest for the Orb.
     0 | D:1      | Reached XP level 1. HP: 14/14 MP: 3/3
   397 | D:1      | Reached XP level 2. HP: 20/20 MP: 3/5
   425 | D:1      | Learned a level 2 spell: Searing Ray
  1229 | D:1      | Reached XP level 3. HP: 16/26 MP: 6/6
  1813 | D:2      | Reached skill level 5 in Conjurations
  2013 | D:2      | Reached XP level 4. HP: 30/33 MP: 1/8
  2839 | D:2      | Found a radiant altar of Vehumet.
  2961 | D:2      | Became a worshipper of Vehumet
  3083 | D:2      | Found a white marble altar of Elyvilon.
  3083 | D:2      | Found a glowing silver altar of Zin.
  3084 | D:2      | Found a glowing golden altar of the Shining One.
  3290 | D:3      | HP: 2/49 [gnoll/spear (1)]
  3291 | D:3      | Reached XP level 5. HP: 2/38 MP: 2/9
  3292 | D:3      | Slain by a gnoll

Dungeon Overview and Level Annotations

Branches:
Dungeon (3/15)

Altars:
Elyvilon
Vehumet
Zin
The Shining One


Message History

You barely miss the adder.
The adder is almost dead.
The gnoll hits you but does no damage. The adder bites you but does no damage.
The gnoll barely misses you.
You closely miss the adder.
The adder is almost dead.
The adder bites you but does no damage. The gnoll hits you but does no damage.
The gnoll hits you but does no damage.
You completely miss the adder.
The adder is almost dead.
The adder bites you but does no damage. The adder barely misses you.
The gnoll hits you but does no damage. x2
You miss the adder.
The adder is almost dead.
You feel sick. The adder completely misses you. The gnoll barely misses you.
The gnoll hits you but does no damage.
You completely miss the adder.
The adder is almost dead.
The adder bites you but does no damage. The gnoll hits you but does no damage.
The adder bites you but does no damage.
You barely miss the adder.
The adder is almost dead.
The gnoll hits you but does no damage. The adder bites you but does no damage.
The gnoll hits you from afar with a spear.
You hit the adder.
You kill the adder!
Vehumet accepts your kill.
You have reached level 5!
You feel sick.
You are no longer poisoned.
The gnoll barely misses you. The gnoll hits you but does no damage.
Read which item? (? for menu, Esc to quit)
As you read the scroll labeled JOTSIAREJU, it crumbles to dust.
You hear a loud clanging noise!
It was a scroll of noise.
You hear a shout! x2
The jackal zombie completely misses you.
The gnoll hits you but does no damage.
The gnoll hits you from afar with a spear.
You die...

You could see 2 gnolls and a jackal zombie.

Vanquished Creatures
  4 adders
  2 gnolls (D:3)
  2 oozes (D:2)
  An adder skeleton (D:3)
  A worm (D:2)
  An orc (D:3)
  4 giant cockroaches
  11 hobgoblins
  4 jackals (D:1)
  A quokka (D:2)
  A ball python (D:1)
  7 bats
  2 giant geckos
  4 giant newts
  8 goblins
  6 kobolds
  11 rats
70 creatures vanquished.

Vanquished Creatures (others)
  4 toadstools (D:1)
4 creatures vanquished.

Grand Total: 74 creatures vanquished

Action                   |  1- 3 |  4- 6 || total
-------------------------+-------+-------++-------
Melee: Unarmed           |   145 |    77 ||   222
       Short sword       |       |    56 ||    56
 Cast: Magic Dart        |    19 |     7 ||    26
       Searing Ray       |    10 |     6 ||    16
  Use: Potion            |       |     3 ||     3
       Scroll            |       |     1 ||     1
 Stab: Sleeping          |     6 |     2 ||     8
  Eat: Chunk             |     4 |     5 ||     9

Vault maps used:
D:1:      ldierk_walled_garden_2
D:2:      good_gods_mini_temple, vehumet_crystals, corexii_leaking_fountain,
          minmay_goblin_kobold_house
D:3:      nicolae_overflow_hidden_temple
